AoeStats
← REDDOTS FINEST1

Oasis

509992447Analyzed
2v2 RM · 2d ago on Sep 28, 2026· 61m 3s· 4 players
Game mode
Random Map
Map size
Medium (4 player)
Population
200
Speed
Normal
Resources
Standard
Victory
Conquest
Starting age
Dark Age
Ending age
Imperial Age
RankedLock teamsTeams togetherTeam positionsShared explorationLock speedFull tech treeHidden civsTurbo modeCheats
Victory
Defeat
🇺🇸 Spanish · United States
575
+15
🇺🇸 Teutons · United States
524
+17
🇺🇸 Franks · United States
587
-38
🇧🇷 Khmer · Brazil
531
-15
Wendell, O Malakoi
0:41 Loom
13:13 Feudal Age
14:24 Double-Bit Axe
14:21 Horse Collar
16:42 Wheelbarrow
15:54 Town Watch
19:14 Bloodlines
21:23 Scale Mail Armor
24:46 Scale Barding Armor
30:08 Castle Age
31:06 Chain Mail Armor
31:12 Chain Barding Armor
31:03 Forging
30:23 Light Cavalry
31:26 Hand Cart
33:27 Pikeman
33:28 Man-at-Arms
33:30 Crossbowman
34:59 Iron Casting
35:50 Elite Skirmisher
39:17 Bow Saw
39:03 Stone Mining
38:50 Long Swordsman
39:32 Gold Mining
43:00 Husbandry
43:05 Padded Archer Armor
45:37 Imperial Age
45:13 Masonry
46:17 Gold Shaft Mining
46:18 Stone Shaft Mining
46:23 Heavy Plow
48:47 Cavalier
49:48 Town Patrol
53:28 Heavy Scorpion
56:02 Blast Furnace
54:29 Two-Handed Swordsman
54:32 Arbalester
55:39 Parthian Tactics
55:03 Arson
55:56 Tusk Swords
57:14 Leather Archer Armor
59:43 Chemistry
59:29 Plate Barding Armor
58:45 Fletching
WovenToast34363
REDDOTS FINEST1
0:32 Loom
17:56 Feudal Age
22:03 Scale Barding Armor
21:58 Scale Mail Armor
22:09 Forging
21:49 Fletching
22:00 Padded Archer Armor
22:44 Arson
22:20 Man-at-Arms
25:21 Bloodlines
41:24 Castle Age
48:36 Imperial Age
53:20 Caravan
53:54 Squires
53:15 Pikeman
54:04 Horse Collar
54:14 Double-Bit Axe
55:32 Chemistry
59:23 Cavalier
ZigZag Doobski
0:49 Loom
15:37 Feudal Age
16:55 Wheelbarrow
16:02 Horse Collar
16:10 Double-Bit Axe
16:22 Gold Mining
20:50 Stone Mining
23:19 Castle Age
25:55 Hand Cart
25:42 Heavy Plow
26:00 Bow Saw
30:22 Forging
31:08 Husbandry
31:54 Pikeman
38:03 Ballistics
40:45 Bloodlines
46:00 Imperial Age
44:09 Masonry
44:55 Iron Casting
44:34 Scale Barding Armor
46:41 Chain Barding Armor
46:24 Cavalier
48:30 Architecture
49:01 Chemistry
49:13 Paladin
50:14 Caravan
51:37 Conscription
53:30 Elite Conquistador
57:34 Plate Barding Armor
57:31 Inquisition
58:08 Hoardings
58:45 Town Watch
60:12 Blast Furnace
59:03 Fletching
60:12 Stone Shaft Mining
59:42 Town Patrol
Connection lost

Rejoining the realm…

Still unreachable

The connection could not be restored.

Session expired

The server has moved on; the page needs a fresh start.